Match 47026365
Unlisted

Match 47026365
End
Construct Infanterie Kompanie
MG 42 Machine Gun Team
Selects Italian Coastal Battlegroup
Selects Coastal Reserves
Coastal Reserve
Coastal Reserve
Grenadier Squad
Construct Panzergrenadier Kompanie
Pak 40 Anti-tank Gun Team
Medical Bunker
Panzergrenadier Squad
Selects Support Bunkers
Selects Designated Artillery Overwatch
Selects Designate Defensive Line
Selects Designated Artillery Overwatch
Designated Artillery Overwatch
Support Elements
Selects Artillery Officer
MG 42 Bunker
Nebelwerfer 42 Rocket Launcher Team
Designated Artillery Overwatch
Construct Panzer Kompanie
Panzer IV Medium Tank
Selects Obice da 210/22 Artillery Emplacement
Selects Bulwark
MG 42 Bunker
Panzer IV Medium Tank
Designated Artillery Overwatch
Panzer IV Medium Tank
Side Skirts
地雷
DodoSlayer27
Yoddha
BazookaJoe
bigmac
mattw02823
0
0

Comments sign in to comment!

No comments posted yet!